 Dungeon Crawl Stone Soup version 0.20.1-1-g8b1a95d (webtiles) character file.

3392 vishdafish the Cleaver (level 10, -2/64 HPs)
             Began as a Gargoyle Fighter on July 6, 2017.
             Killed from afar by an orc wizard (5 damage)
             ... with a puff of flame
             ... on level 8 of the Dungeon.
             The game lasted 00:13:40 (6636 turns).

vishdafish the Cleaver (Gargoyle Fighter)           Turns: 6636, Time: 00:13:40

Health: -2/64      AC: 16    Str: 22    XL:     10   Next: 4%
Magic:  0/10       EV:  7    Int:  8    God:
Gold:   370        SH: 10    Dex: 11    Spells: 9/9 levels left

rFire    . . .     SeeInvis .   a - +0 war axe
rCold    . . .     Gourm    .   c - +1 shield
rNeg     + + .     Faith    .   b - +0 scale mail
rPois    ∞         Spirit   +   (no helmet)
rElec    +         Reflect  .   d - +0 cloak
rCorr    .         Harm     .   (no gloves)
MR       .....                  (no boots)
Stlth    ..........             r - amulet of guardian spirit
Regen    0.2/turn               q - ring of positive energy
MPRegen  0.2/turn               (no ring)

@: no status effects
A: negative energy resistance 1, electricity resistance, unbreathing,
petrification resistance, rot immunity, AC +7
a: no special abilities


You were on level 8 of the Dungeon.
You were not hungry.

You visited 2 branches of the dungeon, and saw 9 of its levels.
You also visited: Sewer.

You collected 370 gold pieces.

Inventory:

Hand Weapons
 a - a +0 war axe (weapon)
Armour
 b - a +0 scale mail (worn)
 c - a +1 shield (worn)
 d - a +0 cloak (worn)
Jewellery
 n - an uncursed ring of fire
 q - a ring of positive energy (left hand)
 r - an amulet of guardian spirit (around neck)
 u - an uncursed amulet of the gourmand
Wands
 p - a wand of disintegration (2/24)
 A - a wand of digging (12/24)
Scrolls
 e - 2 scrolls of enchant armour
 g - a scroll of fear {unknown}
 h - 3 scrolls of remove curse
 i - a scroll of magic mapping
 j - 5 scrolls of identify
 k - 3 scrolls of fog
 l - 3 scrolls of amnesia
 m - a scroll of noise {unknown}
 v - a scroll of blinking {unknown}
 x - a scroll of torment {unknown}
Potions
 t - a potion of flight
 w - a potion of mutation {unknown}
 z - a potion of berserk rage {unknown}
Books
 y - a book of Misfortune

   Spells                             Type                      Level
   a - Confusing Touch                Hexes                        1
   b - Confuse                        Hexes                        3
   c - Gell's Gravitas                Translocation                3
   d - Petrify                        Transmutation/Earth          4
   e - Metabolic Englaciation         Hexes/Ice                    5
   f - Yara's Violent Unravelling     Hexes/Transmutation          5
Comestibles
 o - 3 meat rations
 s - a royal jelly


   Skills:
 + Level 8.3 Fighting
 * Level 9.2 Axes
 + Level 8.3 Armour
 - Level 3.2 Shields


You had 9 spell levels left.
You didn't know any spells.

Dungeon Overview and Level Annotations

Branches:
Dungeon (8/15)             Temple (1/1) D:6
   Lair: D:8-11

Altars:
Ashenzari
Elyvilon
Fedhas
Gozag
Hepliaklqana
Kikubaaqudgha
Makhleb
Okawaru
Ru
Sif Muna
Trog
Yredelemnul
The Shining One

Shops:
D:5 !=(

Annotations:
D:7 vishdafish's ghost, novice FoFi


Innate Abilities, Weirdness & Mutations

You are resistant to torment.
Your stone body is resilient. (AC +7)
You are immune to poison.
You resist negative energy. (rN+)
You are resistant to electric shocks. (rElec)
You can survive without breathing.
You are immune to petrification.
You are immune to rotting.


Message History

You closely miss the orc warrior.
The orc warrior is almost dead.
The orc warrior hits you but does no damage.
You barely miss the orc warrior.
The orc warrior is almost dead.
The orc warrior hits you but does no damage.
You hit the orc warrior but do no damage.
The orc warrior is almost dead.
The orc warrior completely misses you.
You closely miss the orc warrior.
The orc warrior is almost dead.
The orc warrior hits you with a hand axe.
* * * LOW HITPOINT WARNING * * *
You hit the orc warrior.
You kill the orc warrior!
The orc wizard shouts!
Okay, then.
The orc wizard casts a spell at you. The puff of flame hits you!
You die...

*,*,**,* #,,* #.o#
*,*,**** **** ##.#
*,*,*##############.#
***,,,*#...#.......ooo#
*,,*,,*#.#.#.#####.####
*,*,,,*#.#.#.#..)#.#
*,*,,,*#.#...#.#...#
*,*,,,*#.###########
*,*,,,*#..)o@......#
***,*,,,*#########.#.#
***,,,,,,,*#.......#.#.#
,,,,,,,,,,*#######.#.###
***,*,,,,,*#.......#...#
*,*****,*#.#########.#
*,* *,*#.......#...# *,*
*,*###.#####.#.# *,*
*,**,#.#,..#.#.#


You could see an orc wizard.

Vanquished Creatures
  An unseen horror (D:6)
  Pikel (D:3)
  A hippogriff (D:7)
  2 water moccasins (D:6)
  3 slaves (D:3)
  A black bear (D:7)
  An eye of draining (D:5)
  2 orc warriors
  2 necrophages
  4 ogres
  2 centaurs (D:5)
  A crocodile (Sewer)
  Blork the orc (D:5)
  A gnoll sergeant (D:5)
  A scorpion (D:5)
  3 crimson imps
  A hound (D:4)
  An orc priest (D:6)
  An iguana (D:7)
  4 orc wizards
  4 worker ants
  A hound skeleton (D:5)
  A worker ant zombie (D:6)
  7 gnolls
  A howler monkey skeleton (D:8)
  9 adders
  3 river rats (D:3)
  2 shadow imps
  2 oozes (D:3)
  2 adder zombies
  4 worms (D:3)
  2 dart slugs
  A leopard gecko (D:2)
  22 orcs
  3 giant cockroaches
  5 hobgoblins
  7 jackals
  11 kobolds
  5 quokkas
  A ball python (D:3)
  10 bats
  2 frilled lizards
  10 goblins
  A quokka skeleton (D:6)
  11 rats
161 creatures vanquished.

Vanquished Creatures (others)
  A rat (D:3)
1 creature vanquished.

Grand Total: 162 creatures vanquished

Notes
Turn   | Place    | Note
-------+----------+-------------------------------------------
     0 | D:1      | vishdafish the Gargoyle Fighter began the quest for the Orb.
     0 | D:1      | Reached XP level 1. HP: 14/14 MP: 1/1
   128 | D:1      | Reached skill level 2 in Axes
   140 | D:1      | Reached XP level 2. HP: 17/19 MP: 2/2
   759 | D:2      | Reached XP level 3. HP: 23/23 MP: 3/3
   976 | D:2      | Found an ancient bone altar of Kikubaaqudgha.
  1300 | D:2      | Found a sacrificial altar of Ru.
  1387 | D:2      | Found a deep blue altar of Sif Muna.
  1421 | D:3      | Reached XP level 4. HP: 29/29 MP: 4/4
  1427 | D:3      | Reached skill level 3 in Axes
  1486 | D:3      | Reached XP level 5. HP: 13/33 MP: 5/5
  1586 | D:3      | HP: 1/34 [worm (4)]
  1739 | D:3      | Found a glowing drain.
  1794 | Sewer    | Entered a sewer
  2024 | Sewer    | Noticed a crocodile
  2038 | Sewer    | Killed a crocodile
  2038 | Sewer    | Reached skill level 4 in Axes
  2038 | Sewer    | Reached XP level 6. HP: 13/39 MP: 6/6
  2705 | D:4      | Reached skill level 5 in Fighting
  2707 | D:4      | Reached skill level 5 in Armour
  2782 | D:4      | Noticed a slave
  2783 | D:4      | Noticed a slave
  2783 | D:4      | Noticed a slave
  2784 | D:4      | Noticed Pikel
  2784 | D:4      | Noticed a slave
  2936 | D:3      | Killed a slave
  2944 | D:3      | Killed a slave
  2951 | D:3      | Killed a slave
  3231 | D:3      | Killed Pikel
  3231 | D:3      | Reached skill level 5 in Axes
  3231 | D:3      | Reached XP level 7. HP: 17/45 MP: 2/7
  3231 | D:3      | Reached XP level 8. HP: 19/51 MP: 2/8
  3544 | D:4      | Found a shattered altar of Ashenzari.
  3544 | D:4      | Found a faded altar of an unknown god.
  3549 | D:4      | Found a blossoming altar of Fedhas.
  3552 | D:4      | Became a worshipper of Gozag Ym Sagoz the Greedy
  3555 | D:4      | Found an iron altar of Okawaru.
  3557 | D:4      | Found a basalt altar of Yredelemnul.
  3643 | D:4      | Fell from the grace of Gozag
  3765 | D:4      | Reached skill level 6 in Axes
  3865 | D:5      | Entered Level 5 of the Dungeon
  3865 | D:5      | Found Xibb's Antique Weapon Emporium.
  3986 | D:5      | Noticed Blork the orc
  4010 | D:5      | Killed Blork the orc
  4329 | D:5      | Found Kemp's Jewellery Boutique.
  4329 | D:5      | Found Zoskoll's Distillery.
  4454 | D:5      | Reached skill level 7 in Axes
  4657 | D:5      | Found a bloodstained altar of Trog.
  4681 | D:5      | Reached XP level 9. HP: 46/56 MP: 0/9
  4827 | D:6      | Found a staircase to the Ecumenical Temple.
  4857 | Temple   | Entered the Ecumenical Temple
  5256 | D:6      | Found a burning altar of Makhleb.
  5354 | D:6      | Reached skill level 8 in Axes
  5405 | D:6      | Killed an unseen horror
  5405 | D:6      | Was forgiven by Gozag
  5997 | D:6      | Found a glowing golden altar of the Shining One.
  6152 | D:7      | Reached skill level 9 in Axes
  6203 | D:7      | Noticed vishdafish's ghost (novice FoFi)
  6551 | D:8      | Reached XP level 10. HP: 53/64 MP: 8/10
  6571 | D:8      | HP: 3/64 [orc warrior/hand axe (12)]
  6624 | D:8      | HP: 1/64 [orc warrior/hand axe (5)]
  6630 | D:8      | HP: 1/64 [orc warrior/hand axe (1)]
  6636 | D:8      | Killed from afar by an orc wizard

Skill      XL: |  1  2  3  4  5  6  7  8  9 |
---------------+----------------------------+-----
Axes           | 2 3 4 5 7 9 |  9.2
Fighting       | 4 5 6 8 |  8.3
Armour         | 4 5 7 8 |  8.3
Shields        | |  3.2

Action                   |  1- 3 |  4- 6 |  7- 9 | 10-12 || total
-------------------------+-------+-------+-------+-------++-------
Melee: War axe           |   132 |   262 |   345 |    32 ||   771
Invok: Renounce Religion |       |       |     1 |       ||     1
Evoke: Wand              |       |       |     3 |       ||     3
  Use: Scroll            |     3 |     1 |       |     3 ||     7
       Potion            |       |    10 |     2 |       ||    12
 Stab: Invisible         |       |     1 |       |       ||     1
       Distracted        |       |       |     1 |       ||     1
  Eat: Chunk             |     2 |       |     2 |       ||     4
       Bread ration      |       |     1 |     1 |       ||     2
       Meat ration       |       |     1 |     1 |       ||     2
Armor: Scale mail        |    75 |   173 |   222 |    11 ||   481
Dodge: Dodged            |    43 |    94 |    95 |     8 ||   240
Block: Shield            |    81 |   181 |   167 |    10 ||   439
